 Dungeon Crawl Stone Soup version 0.23.0 (webtiles) character file.

Game seed: 16112110120141750493

614499 Lanoc the Executioner (level 27, -9/283 HPs)
             Began as a Gnoll Fighter on Feb 16, 2019.
             Was a Priest of Elyvilon.
             Splashed by an acid blob's acid (11 damage)
             ... on level 1 of the Realm of Zot on Feb 17, 2019.
             The game lasted 04:57:45 (67448 turns).

Lanoc the Executioner (Gnoll Fighter)              Turns: 67448, Time: 04:57:46

Health: -9/283     AC: 13    Str: 23    XL:     27
Magic:  47/57      EV: 26    Int: 17    God:    Elyvilon [***...]
Gold:   4252       SH: 18    Dex: 17    Spells: 5/60 levels left

rFire    + + +     SeeInvis +   J - +17 lance "Wyrmbane" {slay drac, rPois rF+ rC+ AC+3}
rCold    + + +     Gourm    .   c - +2 shield {reflect}
rNeg     + . .     Faith    .   (armour currently unavailable)
rPois    ∞         Spirit   .   M - +1 helmet "Wythroschi" {rPois rF++ Stlth+}
rElec    +         Reflect  +   A - scarf {repulsion}
rCorr    .         Harm     .   (gloves currently unavailable)
MR       +++..                  (boots currently unavailable)
Stlth    ++++++++..             Y - amulet "Uzior" {RegenMP rElec SInv}
HPRegen  0.57/turn              j - ring "Caifotoc" {+Inv rC++ MP+9 Int-2 Dex+2}
MPRegen  0.60/turn              e - ring of Xiubligo {rPois MR+ MP+9}

@: about to teleport, statue-form (expiring), protection, corroded, studying
Axes, repel missiles, very slow
A: distributed training, fangs 1, low mp 1, MP-powered wands, strong nose
}: 4/15 runes: serpentine, barnacled, slimy, silver
a: End Transformation, Lesser Healing, Heal Other, Purification, Divine
Protection, Renounce Religion, Evoke Invisibility


You were on level 1 of the Realm of Zot.
You worshipped Elyvilon.
Elyvilon was most pleased with you.
You were very hungry.
You were a stone statue.
You visited 11 branches of the dungeon, and saw 52 of its levels.
You also visited: Bailey.

You collected 7737 gold pieces.
You spent 3485 gold pieces at shops.

Inventory:

Hand Weapons
 H - the +9 staff of Wucad Mu {channel}
   (You found it on level 5 of the Pits of Slime)
 J - the +17 lance "Wyrmbane" (weapon) {slay drac, rPois rF+ rC+ AC+3}
   (You found it on level 5 of the Vaults)

   It affects your AC (+3).
   It protects you from fire.
   It protects you from cold.
   It protects you from poison.
 L - the +8 frozen axe "Frostbite" {freezing cloud, *Noise +Fly rC+}
   (You took it off a tengu reaver on level 5 of the Vaults)

   It has been specially enchanted to freeze those struck by it, causing extra
   injury to most foes and up to half again as much damage against particularly
   susceptible opponents.
   It can also slow down cold-blooded creatures.
   It protects you from cold.
   It lets you fly.
   It may make noises in combat.
Missiles
 G - 46 javelins of penetration (quivered)
Armour
 c - a +2 shield of reflection (worn)
 u - the +4 skin of Zhor (melded) {Hibernate rC+++ SInv}
   (You took it off an ogre mage on level 5 of the Vaults)

   It renders you almost immune to cold.
   It lets you see invisible.
 A - a scarf of repulsion (worn)
 M - the +1 helmet "Wythroschi" (worn) {rPois rF++ Stlth+}
   (You found it on level 5 of the Vaults)

   It greatly protects you from fire.
   It protects you from poison.
   It makes you more stealthy.
 N - a +2 pair of boots (melded)
 V - the +0 pair of gloves of Broken Taboos (melded) {rN+ Dex+4 Stlth+}
   (You found it on level 2 of the Lair of Beasts)

   It affects your dexterity (+4).
   It protects you from negative energy.
   It makes you more stealthy.
Jewellery
 e - the ring of Xiubligo (right hand) {rPois MR+ MP+9}
   (You took it off a deep elf knight on level 3 of the Elven Halls)

   [ring of magical power]

   It protects you from poison.
   It affects your resistance to hostile enchantments.
   It affects your magic capacity (+9).
 j - the ring "Caifotoc" (left hand) {+Inv rC++ MP+9 Int-2 Dex+2}
   (You found it on level 5 of the Pits of Slime)

   [ring of magical power]

   It affects your intelligence (-2).
   It affects your dexterity (+2).
   It greatly protects you from cold.
   It affects your magic capacity (+9).
   It lets you turn invisible.
 m - the amulet of Totu {Spirit rF+ Str+4 Int+3}
   (You took it off a tengu reaver on level 5 of the Vaults)

   [amulet of guardian spirit]

   It causes incoming damage to be split between your health and magic.
   It affects your strength (+4).
   It affects your intelligence (+3).
   It protects you from fire.
 Y - the amulet "Uzior" (around neck) {RegenMP rElec SInv}
   (You took it off a vampire mage on level 1 of the Elven Halls)

   [amulet of magic regeneration]

   It increases your magic regeneration.
   It insulates you from electricity.
   It lets you see invisible.
Wands
 a - a wand of iceblast (33)
 y - a wand of enslavement (8)
 I - a wand of acid (29)
 K - a wand of digging (16)
 P - a wand of disintegration (38)
 R - a wand of scattershot (10)
Scrolls
 h - 27 scrolls of remove curse
 i - 4 scrolls of enchant armour
 k - 11 scrolls of magic mapping
 l - 24 scrolls of identify
 C - 4 scrolls of amnesia
 D - 10 scrolls of blinking
 E - 10 scrolls of fog
 F - 17 scrolls of teleportation
 O - 13 scrolls of immolation
 U - 3 scrolls of summoning
 W - 4 scrolls of silence
 Z - 2 scrolls of holy word
Potions
 d - 10 potions of might
 g - 5 potions of magic
 o - 2 potions of invisibility
 p - 3 potions of mutation
 q - 4 potions of haste
 r - 25 potions of curing
 s - 11 potions of brilliance
 t - 7 potions of lignification
 v - 7 potions of agility
 Q - 3 potions of heal wounds
 S - 3 potions of cancellation
Books
 w - a manual of Axes
Miscellaneous
 b - a lightning rod (4/4)
 x - 3 phantom mirrors
 z - 3 boxes of beasts
 T - a lamp of fire
Comestibles
 f - 83 rations
 n - a chunk of flesh


   Skills:
 + Level 18.2 Fighting
 + Level 17.4 Short Blades
 + Level 17.8 Long Blades
 + Level 21.2 Axes
 + Level 17.4 Maces & Flails
 + Level 17.4 Polearms
 + Level 17.4 Staves
 + Level 17.4 Slings
 + Level 17.4 Bows
 + Level 17.4 Crossbows
 + Level 17.4 Throwing
 + Level 18.2 Armour
 + Level 17.4 Dodging
 + Level 17.4 Stealth
 + Level 18.2 Shields
 + Level 17.4 Unarmed Combat
 + Level 17.4 Spellcasting
 + Level 15.0 Conjurations
 + Level 15.0 Hexes
 + Level 15.0 Charms
 + Level 15.0 Summonings
 + Level 15.0 Necromancy
 + Level 15.0 Translocations
 + Level 15.0 Transmutations
 + Level 15.0 Fire Magic
 + Level 15.0 Ice Magic
 + Level 15.0 Air Magic
 + Level 15.0 Earth Magic
 + Level 15.0 Poison Magic
 + Level 18.7 Invocations
 + Level 17.4 Evocations


You had 5 spell levels left.
You knew the following spells:

 Your Spells              Type           Power        Failure   Level  Hunger
a - Apportation           Tloc           ######       0%          1    None
b - Summon Butterflies    Summ           ######..     0%          1    None
c - Tukima's Dance        Hex            ######..     1%          3    None
d - Fireball              Conj/Fire      ######....   1%          5    ###....
e - Statue Form           Tmut/Erth      ######...    1%          6    #####..
f - Summon Lightning Spi  Summ/Air       ######..     1%          4    None
g - Mephitic Cloud        Conj/Pois/Air  ######..     1%          3    None
h - Lee's Rapid Deconstr  Erth           ######....   1%          5    ###....
i - Ignite Poison         Fire/Tmut/Pois ######..     1%          3    None
j - Freezing Cloud        Conj/Ice/Air   ######....   1%          6    #####..
k - Olgreb's Toxic Radia  Pois           ######..     1%          4    None
l - Summon Hydra          Summ           ######....   7%          7    ######.
m - Ring of Flames        Chrm/Fire      ######....   7%          7    ######.

Your spell library contained the following spells:

 Spells                   Type           Power        Failure   Level  Hunger
 Animate Skeleton         Necr           N/A          0%          1    None
 Confusing Touch          Hex            ######       0%          1    None
 Corona                   Hex            ######.      0%          1    None
 Flame Tongue             Conj/Fire      #####        0%          1    None
 Infusion                 Chrm           ####         0%          1    None
 Pain                     Necr           ####         0%          1    None
 Sting                    Conj/Pois      ####         0%          1    None
 Summon Small Mammal      Summ           ####         0%          1    None
 Call Imp                 Summ           ######..     0%          2    None
 Corpse Rot               Necr           N/A          0%          2    None
 Ensorcelled Hibernation  Hex/Ice        ######       0%          2    None
 Passwall                 Tmut/Erth      ######..     0%          2    None
 Poisonous Vapours        Pois/Air       ######       0%          2    None
 Shroud of Golubria       Chrm/Tloc      ######....   0%          2    None
 Slow                     Hex            ######..     0%          2    None
 Song of Slaying          Chrm           ######..     0%          2    None
 Swiftness                Chrm/Air       ######..     0%          2    None
 Call Canine Familiar     Summ           ######..     1%          3    None
 Confuse                  Hex            ######..     1%          3    None
 Dazzling Spray           Conj/Hex       ######       1%          3    None
 Gell's Gravitas          Tloc           ######....   1%          3    None
 Inner Flame              Hex/Fire       ######..     1%          3    None
 Lesser Beckoning         Tloc           ######....   1%          3    None
 Portal Projectile        Hex/Tloc       ######       1%          3    None
 Recall                   Summ/Tloc      N/A          1%          3    None
 Regeneration             Chrm/Necr      ######....   1%          3    None
 Spectral Weapon          Hex/Chrm       ######..     1%          3    None
 Spider Form              Tmut/Pois      ######....   1%          3    None
 Stone Arrow              Conj/Erth      ######       1%          3    None
 Summon Guardian Golem    Hex/Summ       ######..     1%          3    None
 Vampiric Draining        Necr           ######....   1%          3    None
 Animate Dead             Necr           N/A          1%          4    None
 Cause Fear               Hex            ######....   1%          4    None
 Ice Form                 Ice/Tmut       ######..     1%          4    None
 Leda's Liquefaction      Hex/Erth       ######....   1%          4    None
 Passage of Golubria      Tloc           N/A          1%          4    None
 Petrify                  Tmut/Erth      ######..     1%          4    None
 Summon Ice Beast         Ice/Summ       ######..     1%          4    None
 Agony                    Necr           ######..     1%          5    ###....
 Alistair's Intoxication  Tmut/Pois      ######..     1%          5    ###....
 Bolt of Magma            Conj/Fire/Erth ######....   1%          5    ###....
 Borgnjor's Vile Clutch   Necr/Erth      ######....   1%          5    ###....
 Excruciating Wounds      Chrm/Necr      ######....   1%          5    ###....
 Irradiate                Conj/Tmut      ######....   1%          5    ###....
 Iskenderun's Battlesphe  Conj/Chrm      ######..     1%          5    ###....
 Lightning Bolt           Conj/Air       ######....   1%          5    ###....
 Metabolic Englaciation   Hex/Ice        ######....   1%          5    ###....
 Silence                  Hex/Air        ######....   1%          5    ###....
 Summon Forest            Summ/Tloc      ######....   1%          5    ###....
 Summon Mana Viper        Hex/Summ       ######..     1%          5    ###....
 Venom Bolt               Conj/Pois      ######....   1%          5    ###....
 Yara's Violent Unravell  Hex/Tmut       ######....   1%          5    ###....
 Bolt of Cold             Conj/Ice       ######....   1%          6    #####..
 Bolt of Fire             Conj/Fire      ######....   1%          6    #####..
 Conjure Ball Lightning   Conj/Air       ######....   1%          6    #####..
 Darkness                 Hex            ######....   1%          6    #####..
 Death Channel            Necr           ######....   1%          6    #####..
 Deflect Missiles         Chrm/Air       ######....   1%          6    #####..
 Hydra Form               Tmut           ######....   1%          6    #####..
 Invisibility             Hex            ######..     1%          6    #####..
 Iron Shot                Conj/Erth      ######....   1%          6    #####..
 Ozocubu's Refrigeration  Ice            ######....   1%          6    #####..
 Poison Arrow             Conj/Pois      ######....   1%          6    #####..
 Shadow Creatures         Summ           N/A          1%          6    #####..
 Simulacrum               Ice/Necr       ######....   1%          6    #####..
 Dragon Form              Tmut           ######....   7%          7    ######.
 Orb of Destruction       Conj           ######....   7%          7    ######.
 Spellforged Servitor     Conj/Summ      ######....   7%          7    ######.
 Chain Lightning          Conj/Air       ######....   50%         8    #######
 Discord                  Hex            ######....   50%         8    #######
 Ignition                 Fire           ######....   50%         8    #######
 Lehudib's Crystal Spear  Conj/Erth      ######....   50%         8    #######
 Dragon's Call            Summ           ######....   100%        9    #######
 Fire Storm               Conj/Fire      ######....   100%        9    #######
 Glaciate                 Conj/Ice       ######....   100%        9    #######
 Shatter                  Erth           ######....   100%        9    #######
 Tornado                  Air            ######....   100%        9    #######


Dungeon Overview and Level Annotations

Branches:
Dungeon (15/15)            Temple (1/1) D:5            Lair (6/6) D:11
 Shoals (4/4) Lair:2        Snake (4/4) Lair:3        Slime (5/5) Lair:6
    Orc (2/2) D:10            Elf (3/3) Orc:2        Vaults (5/5) D:13
  Crypt (0/3) Vaults:3     Depths (5/5) D:15            Zot (2/5) Depths:5

Altars:
Ashenzari
Cheibriados
Dithmenos
Elyvilon
Gozag
Hepliaklqana
Kikubaaqudgha
Makhleb
Nemelex Xobeh
Okawaru
Qazlal
Ru
Sif Muna
Trog
Uskayaw
Vehumet
Wu Jian
Xom
Yredelemnul
Zin
The Shining One
Jiyva

Shops:
D:5 *   D:6 %   D:10 [   D:15 [   Orc:1 (   Orc:2 }?([   Elf:2 }!?(%
Shoals:3 [   Snake:1 }}=   Vaults:4 ?

Portals:
Hell: Depths:1 Depths:2 Depths:3 Depths:4 Depths:5
Abyss: Depths:1 Depths:2 Depths:4*
Pandemonium: Depths:3
Ziggurat: Depths:4

Annotations:
Depths:1 Sojobo
Depths:4 zigg + stash
Zot:1 exclusion: 3 oklob plants


Innate Abilities, Weirdness & Mutations

Your experience applies equally to all skills.
You have very sharp teeth.
Your uncanny sense of smell can sniff out nearby items.
Your magical capacity is low. (-10% MP)
You expend magic power (3 MP) to strengthen your wands.


Message History

* * * LOW HITPOINT WARNING * * *
The tentacled monstrosity constricts you.
The acid blob barely misses you. The acid blob hits you!
Elyvilon protects you from harm!
You are splashed with acid.
Elyvilon protects you from harm!
The tentacled monstrosity tentacle-slaps you but does no damage.
The tentacled monstrosity misses you.
The tentacled monstrosity completely misses you.
* * * LOW HITPOINT WARNING * * *
The tentacled monstrosity constricts you.
You escape the tentacled monstrosity's grasp.
Your transformation is almost over.
The yellow draconian barely misses you. The acid blob closely misses you.
The acid blob spits acid at you. The splash of acid hits you.
You can no longer call upon Elyvilon for divine vigour.
Elyvilon protects you from harm! The acid corrodes you!
You are splashed with acid!
You die...

.................####.#####..##
...................##.# ##..###
.................)..).# #.....
..................).# #.....
...............(..##)[## ##..###
................###[[..####..## #
##............###..).....###.# ##
##...........##............#####.
#.....[....##..8d.####.....##...
#.........##.XJJ### ##....#...
##........###...## #...##..
#.........##...## #.. #.#
#.........##...# .>J.... #..
#.........##...# J.>P..J #..
#.........##...# P>..J.. ###
#....?.....#...## ..P...# ###
#..........##...## .....# ##..


You could see a tentacled monstrosity, 2 acid blobs and a yellow draconian.

Vanquished Creatures
  the Royal Jelly (Slime:5)
  An orb of fire (Zot:1)
  3 juggernauts (Depths:3)
  Boris (Vaults:4)
  A caustic shrike (Depths:4)
  A golden dragon (Vaults:4)
  Nikola (Snake:1)
  The ghost of Swippen the Warrior, an adept DsBe of Trog (Vaults:4)
  Jory (Depths:3)
  3 liches
  Rupert (Lair:4)
  7 tentacled monstrosities
  A hellephant (Depths:4)
  32 acid blobs
  3 deep elf blademasters (Elf:2)
  Asterion (Elf:2)
  A quicksilver dragon (Depths:4)
  7 titans
  2 deep elf master archers (Elf:3)
  5 sphinxes
  A kraken (Shoals:4)
  2 death cobs
  Donald (Elf:1)
  7 storm dragons
  Roxanne (Shoals:2)
  9 tengu reavers
  4 shadow dragons
  8 nagarajas
  9 deep elf sorcerers
  6 fire giants
  The ghost of Kairos the Severer, a journeyman DDFi of Makhleb (Snake:3)
  A draconian monk (Zot:1)
  A ghost moth (shapeshifter) (Vaults:4)
  An orc warlord (Depths:3)
  11 azure jellies
  14 vault wardens
  12 frost giants
  A ghost moth (Zot:2)
  5 draconian scorchers
  An iron dragon (Vaults:4)
  4 deep elf elementalists
  2 draconian stormcallers (Zot:1)
  A spriggan defender (Depths:4)
  2 draconian shifters (Zot:1)
  2 war gargoyles (Vaults:4)
  21 very ugly things
  2 draconian annihilators (Zot:1)
  28 ironheart preservers
  2 vampire knights
  5 entropy weavers
  4 black draconians
  The ghost of Buiveh the Geomancer, a journeyman GrEE of Vehumet (Lair:6)
  14 stone giants
  3 green draconians
  9 deep elf demonologists
  11 yellow draconians
  11 deep elf annihilators
  11 dire elephants (Depths:4)
  11 spark wasps
  4 red draconians
  12 fire dragons
  5 white draconians
  A purple draconian (Zot:2)
  A mummy priest (Elf:1)
  15 ettins
  11 deep elf death magi
  5 merfolk impalers
  Snorg (Lair:6)
  4 merfolk javelineers (Shoals:4)
  6 death oozes
  A crystal guardian (Vaults:4)
  16 great orbs of eyes
  Harold (D:9)
  The ghost of Esekla the Fencer, a journeyman OpAK of Lugonu (D:14)
  14 yaktaur captains
  4 deep elf high priests
  A hell beast (Depths:2)
  16 ice dragons
  3 rakshasas
  2 spriggan air magi
  10 centaur warriors
  30 vault guards
  13 naga warriors
  5 hydras
  An alligator snapping turtle (Shoals:4)
  8 deep troll shamans
  25 dancing weapons
  4 merfolk avatars
  58 two-headed ogres
  2 death knights
  3 merfolk aquamancers
  24 ogre magi
  A spectral fire giant (Vaults:4)
  10 anacondas
  7 naga sharpshooters
  3 death yaks (Shoals:3)
  8 deep troll earth magi
  4 vampire magi
  Urug (D:13)
  2 spriggan berserkers
  3 shock serpents
  5 orc high priests
  Sonja (D:10)
  26 deep elf knights
  5 small abominations
  Nergalle (Lair:4)
  A hell knight (Vaults:3)
  An iron troll (Depths:5)
  A spectral human (Vaults:4)
  5 skeletal warriors (Vaults:2)
  4 salamander mystics
  2 flayed ghosts
  A death drake (shapeshifter) (Vaults:4)
  2 shadow wraiths (Vaults:4)
  5 large abominations
  19 deep trolls
  9 wizards
  5 glowing orange brains
  12 deep elf archers
  An unseen horror (shapeshifter) (Elf:2)
  7 unseen horrors
  7 naga ritualists
  A swamp dragon (shapeshifter) (Vaults:3)
  11 ironbrand convokers
  14 sea snakes
  A shadow dragon zombie (Vaults:3)
  4 necromancers
  A tengu zombie (Vaults:3)
  13 harpies
  An oklob plant (Lair:1)
  16 orc knights
  2 wolf spider zombies (D:15)
  2 phantasmal warriors
  A frost giant zombie (Vaults:4)
  8 mana vipers
  52 deep elf magi
  A mana viper (shapeshifter) (Depths:3)
  4 wolf spiders
  4 cyclopes
  3 fauns (Shoals:4)
  47 ugly things
  14 salamanders
  6 orc sorcerers
  2 shining eyes
  A faun (shapeshifter) (Depths:2)
  7 manticores
  7 elephants
  2 manticores (shapeshifter)
  Maurice (D:8)
  6 merfolk sirens
  4 moths of wrath
  16 vault sentinels
  4 guardian serpents
  A black mamba (shapeshifter) (Depths:1)
  11 water nymphs
  A water nymph (shapeshifter) (Vaults:4)
  2 centaur zombies (D:12)
  A storm dragon simulacrum (Vaults:3)
  32 black mambas
  A rust devil (Depths:2)
  10 naga magi
  15 spiny frogs
  6 eyes of devastation
  A spectral elf (Vaults:4)
  A spiny frog (shapeshifter) (D:14)
  A torpor snail (Lair:4)
  4 kobold demonologists
  4 komodo dragons
  A yaktaur zombie (Vaults:4)
  2 rime drakes (shapeshifter)
  A komodo dragon (shapeshifter) (Vaults:3)
  7 rime drakes
  35 yaktaurs
  A spectral glowing shapeshifter (Vaults:4)
  4 tengu conjurers
  8 freezing wraiths
  A jumping spider (Vaults:2)
  20 merfolk
  A meliai (shapeshifter) (Vaults:2)
  4 trolls
  9 hornets
  5 polar bears
  A queen bee (Depths:3)
  A tyrant leech (shapeshifter) (Vaults:4)
  20 blink frogs
  3 wind drakes
  21 hippogriffs
  2 fire giant simulacra (Vaults:4)
  A frost giant simulacrum (Vaults:4)
  109 slime creatures
  4 dream sheep
  2 blink frogs (shapeshifter)
  A dream sheep (shapeshifter) (Vaults:4)
  5 redbacks
  An air elemental (Elf:3)
  5 snapping turtles
  5 tarantellas
  14 spriggans (Lair:6)
  A vampire (D:12)
  50 yaks
  2 shadows
  12 wyverns
  Sigmund (D:5)
  13 water elementals
  2 wraiths
  4 humans (D:10)
  2 humans (shapeshifter)
  4 yaks (shapeshifter)
  3 fire elementals
  A golden eye (shapeshifter) (Depths:1)
  A steam dragon (Lair:3)
  5 basilisks
  2 hungry ghosts
  3 golden eyes (Slime:2)
  2 chaos spawn (Depths:1)
  A yaktaur simulacrum (Vaults:4)
  4 vampire mosquitoes
  Edmund (D:4)
  58 nagas
  10 wargs
  An acid dragon (Vaults:2)
  5 porcupines
  2 floating eyes
  4 hell hounds
  12 water moccasins
  46 orc warriors
  3 black bears
  An elf zombie (Vaults:4)
  2 ice beasts
  5 phantoms
  5 sky beasts
  7 eyes of draining
  2 eyes of draining (shapeshifter)
  A hornet zombie (D:10)
  2 elephant zombies (Lair:4)
  2 necrophages
  56 ogres
  21 boggarts
  34 centaurs
  29 wolves
  12 crocodiles
  2 big kobolds
  Blork the orc (D:6)
  16 bullfrogs
  A human skeleton (Vaults:3)
  3 earth elementals (Elf:3)
  A deep troll simulacrum (Vaults:4)
  A wyvern zombie (D:15)
  A wyvern skeleton (D:12)
  A hornet simulacrum (D:15)
  7 scorpions
  83 killer bees
  4 wights (D:7)
  3 howler monkeys (D:10)
  7 electric eels
  7 crimson imps
  8 centaur skeletons
  A basilisk zombie (Lair:4)
  14 jellies
  22 orc wizards
  8 orc priests
  14 hounds
  3 bullfrog skeletons
  An iron imp (Depths:5)
  Jessica (D:3)
  5 iguanas
  Ijyb (D:4)
  Terence (D:3)
  10 worker ants
  A crocodile zombie (Lair:4)
  2 hound zombies
  4 hound skeletons
  A howler monkey zombie (D:7)
  6 gnolls
  9 adders
  2 shadow imps
  2 adder zombies
  An adder skeleton (D:10)
  2 worms (D:5)
  A dart slug (D:4)
  3 leopard geckos
  67 orcs
  A bat (D:2)
  8 giant cockroaches
  10 goblins
  6 hobgoblins
  17 jackals
  A quokka (D:2)
  4 frilled lizards
  21 kobolds
  3 quokka skeletons
  6 rats
  4 crawling corpses
  2 fungi
  A plant (Shoals:3)
  3 tentacles (Shoals:4)
2270 creatures vanquished.

Vanquished Creatures (collateral kills)
  A juggernaut (Depths:2)
  Polyphemus (Shoals:3)
  A nagaraja (Snake:4)
  An azure jelly (Slime:3)
  A vault warden (Vaults:1)
  A stone giant (Depths:4)
  An ironheart preserver (Vaults:1)
  A deep elf demonologist (Vaults:2)
  A spectral titan (Vaults:4)
  2 ettins
  A catoblepas (Shoals:3)
  An ogre mage (Vaults:2)
  A death knight (Vaults:2)
  7 two-headed ogres
  2 naga sharpshooters (Snake:4)
  A spriggan berserker (Depths:3)
  A hell knight (Depths:2)
  A salamander mystic (Snake:4)
  A storm dragon skeleton (Vaults:4)
  2 glowing orange brains
  2 orc knights
  2 deep elf magi
  An orc sorcerer (Vaults:2)
  An ugly thing (Depths:4)
  A slime creature (Slime:3)
  A moth of wrath (Lair:6)
  2 merfolk sirens (Shoals:3)
  2 naga magi (Snake:4)
  A freezing wraith (Vaults:4)
  A yaktaur (Vaults:2)
  A jumping spider (shapeshifter) (Depths:2)
  A fire giant simulacrum (Vaults:4)
  A redback (Vaults:2)
  10 nagas (Snake:4)
  3 orc warriors (Vaults:1)
  9 ogres
  3 boggarts
  A howler monkey (shapeshifter) (Vaults:5)
  An orc priest (Vaults:1)
  8 orcs
81 creatures vanquished.

Vanquished Creatures (others)
  Saint Roka (Snake:4)
  A bone dragon (Depths:5)
  A draconian knight (Zot:1)
  A fire giant (Depths:4)
  An ironheart preserver (Vaults:3)
  2 stone giants
  A merfolk javelineer (Shoals:4)
  2 yaktaur captains
  A rakshasa (Depths:1)
  A vault guard (Vaults:5)
  A satyr (Shoals:4)
  4 naga sharpshooters
  A deep elf knight (Vaults:3)
  3 deep elf archers
  A vault sentinel (Vaults:4)
  12 yaktaurs
  3 dancing weapons
  A naga (Snake:2)
  3 centaurs
  2 ogres
  A crawling corpse (Vaults:5)
  42 fungi
  27 plants
  11 tentacles (Shoals:4)
124 creatures vanquished.

Grand Total: 2475 creatures vanquished

Notes
Turn   | Place    | Note
-------+----------+-------------------------------------------
     0 | D:1      | Lanoc the Gnoll Fighter began the quest for the Orb.
     0 | D:1      | Reached XP level 1. HP: 23/23 MP: 1/1
   120 | D:1      | Reached XP level 2. HP: 27/29 MP: 2/2
   381 | D:2      | Reached XP level 3. HP: 18/35 MP: 3/3
   668 | D:1      | Reached skill level 1 in Invocations
   802 | D:2      | Reached skill level 1 in Short Blades
   802 | D:2      | Reached skill level 1 in Axes
   802 | D:2      | Reached skill level 1 in Maces & Flails
   802 | D:2      | Reached skill level 1 in Polearms
   802 | D:2      | Reached skill level 1 in Staves
   802 | D:2      | Reached skill level 1 in Slings
   802 | D:2      | Reached skill level 1 in Bows
   802 | D:2      | Reached skill level 1 in Crossbows
   802 | D:2      | Reached skill level 1 in Throwing
   802 | D:2      | Reached skill level 1 in Dodging
   802 | D:2      | Reached skill level 1 in Stealth
   802 | D:2      | Reached skill level 1 in Unarmed Combat
   802 | D:2      | Reached skill level 1 in Spellcasting
   802 | D:2      | Reached skill level 1 in Evocations
   802 | D:2      | Reached XP level 4. HP: 25/41 MP: 5/5
   880 | D:2      | Found a white marble altar of Elyvilon.
   913 | D:2      | Became a worshipper of Elyvilon the Healer
  1184 | D:3      | Noticed Terence
  1198 | D:3      | Killed Terence
  1211 | D:3      | Reached skill level 1 in Conjurations
  1211 | D:3      | Reached skill level 1 in Hexes
  1211 | D:3      | Reached skill level 1 in Charms
  1211 | D:3      | Reached skill level 1 in Summonings
  1211 | D:3      | Reached skill level 1 in Necromancy
  1211 | D:3      | Reached skill level 1 in Translocations
  1211 | D:3      | Reached skill level 1 in Transmutations
  1211 | D:3      | Reached skill level 1 in Fire Magic
  1211 | D:3      | Reached skill level 1 in Ice Magic
  1211 | D:3      | Reached skill level 1 in Air Magic
  1211 | D:3      | Reached skill level 1 in Earth Magic
  1211 | D:3      | Reached skill level 1 in Poison Magic
  1243 | D:3      | Reached XP level 5. HP: 40/47 MP: 6/6
  1509 | D:3      | Noticed Jessica
  1515 | D:3      | Killed Jessica
  1564 | D:3      | Reached * piety under Elyvilon
  1694 | D:4      | Noticed Ijyb
  1718 | D:4      | Killed Ijyb
  1719 | D:4      | Found a glowing silver altar of Zin.
  1769 | D:4      | Reached XP level 6. HP: 47/53 MP: 8/8
  1926 | D:4      | Reached ** piety under Elyvilon
  2030 | D:4      | Reached skill level 5 in Long Blades
  2128 | D:4      | Reached skill level 2 in Axes
  2237 | D:4      | Noticed a phantom
  2264 | D:4      | Killed a phantom
  2264 | D:4      | Reached XP level 7. HP: 38/59 MP: 10/10
  2285 | D:4      | Noticed Edmund
  2306 | D:4      | Killed Edmund
  2585 | D:5      | Entered Level 5 of the Dungeon
  2586 | D:5      | Noticed Sigmund
  2589 | D:5      | Got a crude dagger
  2612 | D:5      | Killed Sigmund
  2616 | D:5      | Identified the +7 dagger "Vauri" {freeze, rC+ MR++ Str-2
                  | Dex+4} (You found it on level 5 of the Dungeon)
  2716 | D:5      | Reached XP level 8. HP: 52/67 MP: 12/12
  2728 | D:5      | Found a staircase to the Ecumenical Temple.
  2744 | D:5      | Found a shadowy altar of Dithmenos.
  2776 | D:5      | Reached skill level 3 in Axes
  2988 | D:5      | Found Amnom's Assorted Antiques.
  3003 | D:5      | Bought a white potion for 25 gold pieces
  3120 | D:5      | Found a sparkling altar of Nemelex Xobeh.
  3211 | Temple   | Entered the Ecumenical Temple
  3483 | D:6      | Found a hazy altar of Hepliaklqana.
  3518 | D:6      | Found a deep blue altar of Sif Muna.
  3615 | D:6      | Got a distressingly furry robe
  3626 | D:6      | Identified the cursed +1 robe "Jacwut" {MR- Str+3 Slay+3}
                  | (You found it on level 6 of the Dungeon)
  3744 | D:6      | Reached *** piety under Elyvilon
  3878 | D:6      | Found Ichuv's Food Boutique.
  3961 | D:6      | Noticed Blork the orc
  3967 | D:6      | Killed Blork the orc
  3967 | D:6      | Reached XP level 9. HP: 72/72 MP: 14/14
  4558 | D:7      | Reached skill level 4 in Axes
  5231 | D:7      | Reached **** piety under Elyvilon
  5321 | D:7      | Found a shattered altar of Ashenzari.
  5409 | D:8      | Reached skill level 5 in Invocations
  5491 | D:8      | Learned a level 1 spell: Apportation
  5493 | D:8      | Learned a level 1 spell: Summon Butterflies
  5497 | D:8      | Learned a level 3 spell: Tukima's Dance
  5685 | D:8      | Found a stormy altar of Qazlal.
  5688 | D:8      | Found a radiant altar of Vehumet.
  5726 | D:8      | Reached XP level 10. HP: 65/80 MP: 17/17
  5920 | D:8      | Reached skill level 5 in Short Blades
  5920 | D:8      | Reached skill level 5 in Axes
  5920 | D:8      | Reached skill level 5 in Maces & Flails
  5920 | D:8      | Reached skill level 5 in Polearms
  5920 | D:8      | Reached skill level 5 in Staves
  5920 | D:8      | Reached skill level 5 in Slings
  5920 | D:8      | Reached skill level 5 in Bows
  5920 | D:8      | Reached skill level 5 in Crossbows
  5920 | D:8      | Reached skill level 5 in Throwing
  5920 | D:8      | Reached skill level 5 in Dodging
  5920 | D:8      | Reached skill level 5 in Stealth
  5920 | D:8      | Reached skill level 5 in Unarmed Combat
  5920 | D:8      | Reached skill level 5 in Spellcasting
  5920 | D:8      | Reached skill level 5 in Evocations
  6046 | D:8      | Noticed a kobold demonologist
  6053 | D:8      | Killed a kobold demonologist
  6104 | D:8      | Noticed a death knight
  6108 | D:8      | Killed a death knight
  6141 | D:8      | Noticed Maurice
  6156 | D:8      | Killed Maurice
  6363 | D:9      | Noticed Harold
  6379 | D:9      | Killed Harold
  6379 | D:9      | Reached XP level 11. HP: 30/87 MP: 19/19
  6637 | D:9      | Found a bloodstained altar of Trog.
  6836 | D:9      | Reached ***** piety under Elyvilon
  7021 | D:10     | Entered Level 10 of the Dungeon
  7021 | D:10     | Found Cufi's Armour Emporium.
  7137 | D:10     | Noticed Sonja
  7140 | D:10     | Found a large runed translucent door.
  7140 | D:10     | Found a large runed translucent door.
  7143 | D:10     | Killed Sonja
  7143 | D:10     | Reached skill level 6 in Axes
  7143 | D:10     | Reached skill level 5 in Conjurations
  7143 | D:10     | Reached skill level 5 in Hexes
  7143 | D:10     | Reached skill level 5 in Charms
  7143 | D:10     | Reached skill level 5 in Summonings
  7143 | D:10     | Reached skill level 5 in Necromancy
  7143 | D:10     | Reached skill level 5 in Translocations
  7143 | D:10     | Reached skill level 5 in Transmutations
  7143 | D:10     | Reached skill level 5 in Fire Magic
  7143 | D:10     | Reached skill level 5 in Ice Magic
  7143 | D:10     | Reached skill level 5 in Air Magic
  7143 | D:10     | Reached skill level 5 in Earth Magic
  7143 | D:10     | Reached skill level 5 in Poison Magic
  7172 | D:10     | Found a runed translucent door.
  7277 | D:10     | Found a runed translucent door.
  7326 | D:10     | Found a runed translucent door.
  7328 | D:10     | Found a runed translucent door.
  7333 | D:10     | Found a runed translucent door.
  7335 | D:10     | Found a runed translucent door.
  7337 | D:10     | Found a runed translucent door.
  7352 | D:10     | Found a runed translucent door.
  7370 | D:10     | Found a runed translucent door.
  7493 | D:10     | Found a staircase to the Orcish Mines.
  7546 | D:10     | Found a shadowy altar of Dithmenos.
  8080 | D:11     | Reached XP level 12. HP: 63/96 MP: 22/22
  8530 | D:11     | Found a staircase to the Lair.
  8646 | D:12     | You fall through a shaft for 3 floors!
  8646 | D:15     | Entered Level 15 of the Dungeon
  8810 | D:12     | Got a shimmering ring mail
  8813 | D:12     | Reached skill level 7 in Axes
  8821 | D:12     | Found a flagged portal.
  8834 | Bailey   | Entered a bailey
  8848 | Bailey   | Identified the cursed +1 ring mail "Vymudys" {Str+3} (You
                  | found it on level 12 of the Dungeon)
  9105 | D:12     | Reached ****** piety under Elyvilon
  9188 | D:12     | Noticed a six-headed hydra
  9296 | D:12     | Noticed a centaur warrior
  9311 | D:12     | Killed a centaur warrior
  9804 | D:13     | Reached skill level 10 in Fighting
  9804 | D:13     | Reached skill level 10 in Armour
  9804 | D:13     | Reached skill level 10 in Shields
 10025 | D:13     | Noticed a two-headed ogre
 10028 | D:13     | Killed a two-headed ogre
 10081 | D:13     | Reached XP level 13. HP: 103/103 MP: 24/24
 10138 | D:13     | Noticed Urug
 10159 | D:13     | Killed Urug
 10341 | D:13     | Noticed an ironheart preserver
 10345 | D:13     | Found a gate to the Vaults.
 10359 | D:13     | Reached skill level 8 in Axes
 10462 | D:12     | Killed an ironheart preserver
 10876 | D:14     | Found a runed translucent door.
 10876 | D:14     | Noticed Esekla's ghost (journeyman OpAK)
 10904 | D:14     | Killed Esekla's ghost
 11251 | D:14     | Reached XP level 14. HP: 61/111 MP: 26/26
 11658 | D:14     | Reached skill level 10 in Long Blades
 12018 | D:14     | Reached skill level 9 in Axes
 12198 | D:15     | Found Extofag's Armour Shoppe.
 12783 | D:15     | Reached skill level 10 in Invocations
 12803 | D:15     | Found a staircase to the Depths.
 13218 | Orc:1    | Entered Level 1 of the Orcish Mines
 13526 | Orc:1    | Found Dentep's Antique Weapon Shoppe.
 13587 | Orc:2    | Entered Level 2 of the Orcish Mines
 14462 | Orc:2    | Reached XP level 15. HP: 116/119 MP: 28/28
 15078 | Orc:2    | Found a staircase to the Elven Halls.
 15229 | Orc:2    | Found Arabovov's Gadget Boutique.
 15229 | Orc:2    | Found Kogatreamp's Weapon Emporium.
 15229 | Orc:2    | Found Rocuckot's Magic Scroll Emporium.
 15229 | Orc:2    | Found Dyr Imy's Antique Armour Shop.
 15238 | Orc:2    | Bought a scroll of silence for 112 gold pieces
 15238 | Orc:2    | Bought a scroll of blinking for 112 gold pieces
 15238 | Orc:2    | Bought a scroll of identify for 30 gold pieces
 15238 | Orc:2    | Bought a scroll of teleportation for 45 gold pieces
 15238 | Orc:2    | Bought a scroll of identify for 30 gold pieces
 15238 | Orc:2    | Bought a scroll of teleportation for 45 gold pieces
 15388 | Orc:2    | Bought a pitted plate armour for 644 gold pieces
 15399 | Orc:2    | Identified the +5 plate armour "Xeguim" {rN++ SInv} (You
                  | bought it in a shop on level 2 of the Orcish Mines)
 15669 | Lair:1   | Entered Level 1 of the Lair of Beasts
 16445 | Lair:2   | Found a staircase to the Shoals.
 16749 | Lair:2   | Got a pair of faintly humming gloves
 16755 | Lair:2   | Identified the cursed +0 pair of gloves of Broken Taboos
                  | {rN+ Dex+4 Stlth+} (You found it on level 2 of the Lair of
                  | Beasts)
 16996 | Lair:2   | Reached skill level 10 in Short Blades
 16996 | Lair:2   | Reached skill level 10 in Axes
 16996 | Lair:2   | Reached skill level 10 in Maces & Flails
 16996 | Lair:2   | Reached skill level 10 in Polearms
 16996 | Lair:2   | Reached skill level 10 in Staves
 16996 | Lair:2   | Reached skill level 10 in Slings
 16996 | Lair:2   | Reached skill level 10 in Bows
 16996 | Lair:2   | Reached skill level 10 in Crossbows
 16996 | Lair:2   | Reached skill level 10 in Throwing
 16996 | Lair:2   | Reached skill level 10 in Dodging
 16996 | Lair:2   | Reached skill level 10 in Stealth
 16996 | Lair:2   | Reached skill level 10 in Unarmed Combat
 16996 | Lair:2   | Reached skill level 10 in Spellcasting
 16996 | Lair:2   | Reached skill level 10 in Evocations
 17114 | Lair:2   | Identified a scroll of acquirement
 17755 | Lair:3   | You fall through a shaft!
 17759 | Lair:4   | Noticed Nergalle
 17770 | Lair:4   | Noticed Rupert
 17987 | Lair:3   | Found a staircase to the Snake Pit.
 18291 | Lair:3   | You fall through a shaft for 3 floors!
 18291 | Lair:6   | Entered Level 6 of the Lair of Beasts
 18291 | Lair:6   | Found a staircase to the Slime Pits.
 18291 | Lair:6   | Found a viscous altar of Jiyva.
 18541 | Lair:6   | Noticed Snorg
 18571 | Lair:6   | Killed Snorg
 18844 | Lair:6   | Reached XP level 16. HP: 115/127 MP: 30/30
 18972 | Lair:6   | Found the +2 robe of Vines {NoPotionHeal Regen+7}
 19940 | Lair:6   | Found a transporter.
 20092 | Lair:6   | Found a transporter.
 20093 | Lair:6   | Noticed Buiveh's ghost (journeyman GrEE)
 20609 | Lair:6   | Killed Buiveh's ghost
 20757 | Lair:4   | Paralysed by Rupert for 3 turns
 20789 | Lair:4   | Killed Rupert
 20844 | Lair:4   | Killed Nergalle
 22113 | Shoals:1 | Entered Level 1 of the Shoals
 24155 | Shoals:2 | Noticed Roxanne
 24222 | Shoals:2 | Killed Roxanne
 24292 | Shoals:2 | Reached skill level 11 in Axes
 25027 | Shoals:3 | Noticed Polyphemus
 25047 | Shoals:3 | Reached XP level 17. HP: 96/135 MP: 32/32
 25115 | Shoals:3 | Killed Polyphemus
 25858 | Shoals:3 | Found Vojopsof's Antique Armour Shoppe.
 25872 | Shoals:3 | Bought a steaming plate armour for 924 gold pieces
 25885 | Shoals:3 | Identified the +4 plate armour of the Queen {MR+ Str+7}
                  | (You bought it in a shop on level 3 of the Shoals)
 26375 | Shoals:4 | Entered Level 4 of the Shoals
 27550 | Shoals:4 | Found a deep blue altar of Sif Muna.
 27807 | Shoals:4 | Got a translucent hunting sling
 27808 | Shoals:4 | Identified the +3 hunting sling of Lies {venom, rF- MR+
                  | Str+3} (You acquired it on level 4 of the Shoals)
 28176 | Shoals:4 | Noticed a kraken
 29184 | Shoals:4 | Killed a kraken
 29195 | Shoals:4 | Got a barnacled rune of Zot
 30041 | D:10     | Bought the +0 pair of gloves "Ucuig" {rPois Regen+ Str-5}
                  | for 67 gold pieces
 30202 | Snake:1  | Entered Level 1 of the Snake Pit
 30276 | Snake:1  | Noticed Nikola
 30291 | Snake:1  | Killed Nikola
 30905 | Snake:1  | Reached skill level 10 in Conjurations
 30905 | Snake:1  | Reached skill level 10 in Hexes
 30905 | Snake:1  | Reached skill level 10 in Charms
 30905 | Snake:1  | Reached skill level 10 in Summonings
 30905 | Snake:1  | Reached skill level 10 in Necromancy
 30905 | Snake:1  | Reached skill level 10 in Translocations
 30905 | Snake:1  | Reached skill level 10 in Transmutations
 30905 | Snake:1  | Reached skill level 10 in Fire Magic
 30905 | Snake:1  | Reached skill level 10 in Ice Magic
 30905 | Snake:1  | Reached skill level 10 in Air Magic
 30905 | Snake:1  | Reached skill level 10 in Earth Magic
 30905 | Snake:1  | Reached skill level 10 in Poison Magic
 30915 | Snake:1  | Reached skill level 12 in Axes
 31233 | Snake:1  | Reached XP level 18. HP: 128/143 MP: 33/33
 31358 | Snake:1  | Found Git Moat's Jewellery Emporium.
 31358 | Snake:1  | Found Zat Pymp's Gadget Shop.
 31359 | Snake:1  | Found Digac's Gadget Shop.
 33305 | Snake:3  | Found a shattered altar of Ashenzari.
 34270 | Snake:3  | Identified the +4 battleaxe of Flawed Execution {speed,
                  | *Corrode MR+ Int+5} (You found it on level 3 of the Snake
                  | Pit)
 34417 | Snake:3  | Found a runed translucent door.
 34417 | Snake:3  | Found a shimmering altar of Xom.
 34417 | Snake:3  | Noticed Kairos's ghost (journeyman DDFi)
 34510 | Snake:3  | Killed Kairos's ghost
 34515 | Snake:3  | Identified the Tome of Flames and Poisoning
 34759 | Snake:3  | Learned a level 5 spell: Fireball
 34766 | Snake:3  | Learned a level 6 spell: Statue Form
 34768 | Snake:4  | Entered Level 4 of the Snake Pit
 35058 | Snake:4  | Noticed Saint Roka
 35083 | Snake:4  | Killed Saint Roka
 35226 | Snake:4  | Reached skill level 13 in Axes
 35256 | Snake:3  | Learned a level 4 spell: Summon Lightning Spire
 35260 | Snake:3  | Learned a level 3 spell: Mephitic Cloud
 35651 | Snake:4  | Reached XP level 19. HP: 84/151 MP: 22/35
 36246 | Snake:4  | Got a serpentine rune of Zot
 36529 | Vaults:1 | Entered Level 1 of the Vaults
 37287 | Vaults:1 | Learned a level 5 spell: Lee's Rapid Deconstruction
 37473 | Vaults:1 | Found a glowing silver altar of Zin.
 38205 | Vaults:1 | Reached skill level 14 in Axes
 38308 | Vaults:1 | Learned a level 3 spell: Ignite Poison
 38938 | Vaults:2 | Reached XP level 20. HP: 159/159 MP: 36/36
 40490 | Vaults:3 | Reached skill level 15 in Axes
 40821 | Vaults:3 | Found an ornate altar of the Wu Jian Council.
 40915 | Vaults:3 | Found a staircase to the Crypt.
 40915 | Vaults:3 | Found a basalt altar of Yredelemnul.
 40916 | Vaults:3 | Found an ancient bone altar of Kikubaaqudgha.
 41286 | Vaults:3 | Noticed a Brimstone Fiend
 41920 | Vaults:3 | Learned a level 6 spell: Freezing Cloud
 41947 | Vaults:4 | Reached XP level 21. HP: 166/166 MP: 38/38
 42157 | Vaults:4 | Found Futs's Magic Scroll Boutique.
 42331 | Vaults:4 | Bought a scroll of identify for 30 gold pieces
 42331 | Vaults:4 | Bought a scroll of identify for 30 gold pieces
 42331 | Vaults:4 | Bought a scroll of teleportation for 45 gold pieces
 42331 | Vaults:4 | Bought 2 scrolls of identify for 60 gold pieces
 42331 | Vaults:4 | Bought 3 scrolls of blinking for 337 gold pieces
 42662 | Vaults:4 | Got an encrusted dagger
 42663 | Vaults:4 | Identified the +7 dagger "Orb Guardian's Peril" {elec, rF-
                  | MR+ Str+6 Dex+2} (You found it on level 4 of the Vaults)
 42721 | Vaults:4 | Reached skill level 15 in Fighting
 42721 | Vaults:4 | Reached skill level 15 in Armour
 42721 | Vaults:4 | Reached skill level 15 in Shields
 42982 | Vaults:4 | Found a runed translucent gate.
 42982 | Vaults:4 | Found a runed translucent gate.
 42982 | Vaults:4 | Found a runed translucent gate.
 43115 | Vaults:4 | Reached skill level 15 in Invocations
 43268 | Vaults:4 | Reached skill level 16 in Axes
 43762 | Vaults:4 | Noticed Swippen's ghost (adept DsBe)
 43839 | Vaults:4 | Killed Swippen's ghost
 44148 | Elf:1    | Entered Level 1 of the Elven Halls
 44157 | Elf:1    | Found a deep blue altar of Sif Muna.
 44338 | Elf:1    | Noticed Donald
 44347 | Elf:1    | Killed Donald
 44583 | Elf:1    | Reached XP level 22. HP: 175/175 MP: 40/40
 44634 | Elf:1    | Found a deep blue altar of Sif Muna.
 44634 | Elf:1    | Identified the +1 robe "Bionuxt" {rElec rPois MR+}
 44634 | Elf:1    | Identified the amulet "Uzior" {RegenMP rElec SInv}
 45632 | Elf:2    | Found Geurut's Gadget Shop.
 45685 | Elf:2    | Found Wuugrey's Weapon Shop.
 45689 | Elf:2    | Found Uhiaph's Magic Scroll Shoppe.
 45690 | Elf:2    | Found Ywohaa's Distillery.
 45703 | Elf:2    | Bought a potion of invisibility for 120 gold pieces
 45703 | Elf:2    | Bought a potion of haste for 150 gold pieces
 45703 | Elf:2    | Bought a potion of haste for 150 gold pieces
 45707 | Elf:2    | Bought a scroll of blinking for 127 gold pieces
 45707 | Elf:2    | Bought a scroll of identify for 34 gold pieces
 45707 | Elf:2    | Bought a scroll of teleportation for 51 gold pieces
 45707 | Elf:2    | Bought a scroll of teleportation for 51 gold pieces
 45707 | Elf:2    | Bought 3 scrolls of identify for 102 gold pieces
 45808 | Elf:2    | Found Goep's Food Shop.
 45973 | Elf:2    | Found a huge runed translucent gate.
 45973 | Elf:2    | Found a huge runed translucent gate.
 45973 | Elf:2    | Found a huge runed translucent gate.
 45974 | Elf:2    | Found a huge runed translucent gate.
 45976 | Elf:2    | Found a huge runed translucent gate.
 46290 | Elf:2    | Noticed Asterion
 46686 | Elf:2    | Killed Asterion
 47075 | Elf:3    | Entered Level 3 of the Elven Halls
 47271 | Elf:3    | Found the +8 trident of the Octopus King {venom, rElec
                  | rPois MR+}
 47298 | Elf:3    | Reached skill level 15 in Long Blades
 47502 | Elf:3    | Identified the +10 quarterstaff "Ocwefaif" {crush, rF++ rN+
                  | Dex+3 Stlth+}
 47506 | Elf:3    | Identified the ring of Xiubligo {rPois MR+ MP+9}
 47776 | Elf:3    | Reached skill level 17 in Axes
 48194 | Elf:3    | Learned a level 4 spell: Olgreb's Toxic Radiance
 48527 | Elf:3    | Reached XP level 23. HP: 183/183 MP: 41/41
 48975 | Depths:1 | Entered Level 1 of the Depths
 49657 | Depths:1 | Noticed Sojobo
 49894 | Depths:1 | Learned a level 7 spell: Summon Hydra
 50037 | Depths:1 | Found a gateway to Hell.
 50206 | Depths:1 | Found a one-way gate to the infinite horrors of the Abyss.
 50668 | Depths:2 | Reached skill level 15 in Short Blades
 50668 | Depths:2 | Reached skill level 15 in Maces & Flails
 50668 | Depths:2 | Reached skill level 15 in Polearms
 50668 | Depths:2 | Reached skill level 15 in Staves
 50668 | Depths:2 | Reached skill level 15 in Slings
 50668 | Depths:2 | Reached skill level 15 in Bows
 50668 | Depths:2 | Reached skill level 15 in Crossbows
 50668 | Depths:2 | Reached skill level 15 in Throwing
 50668 | Depths:2 | Reached skill level 15 in Dodging
 50668 | Depths:2 | Reached skill level 15 in Stealth
 50668 | Depths:2 | Reached skill level 15 in Unarmed Combat
 50668 | Depths:2 | Reached skill level 15 in Spellcasting
 50668 | Depths:2 | Reached skill level 15 in Evocations
 51444 | Depths:2 | Noticed a juggernaut
 51511 | Depths:2 | Killed a juggernaut
 51530 | Depths:2 | Identified the Guide on Noxious Attacks
 51551 | Depths:2 | Found the cursed +14 obsidian axe {chop, +Fly SInv *Curse}
 51602 | Depths:2 | Got an agate-encrusted plate armour
 51613 | Depths:2 | Identified the +1 plate armour of Joyxyus {rElec MR+} (You
                  | found it on level 2 of the Depths)
 51819 | Depths:2 | Reached skill level 18 in Axes
 51867 | Depths:2 | Found the +1 cloak of Starlight {rElec rC+ EV+4 Stlth--}
 52391 | Depths:3 | Reached XP level 24. HP: 113/191 MP: 42/42
 52392 | Depths:3 | Identified the +3 battleaxe "Xywkofuh" {vamp, Int+2}
 52850 | Depths:3 | Noticed Jory
 52913 | Depths:3 | Killed Jory
 53215 | Depths:3 | Found a runed translucent door.
 53651 | Depths:3 | Identified the ring of Nid Zuo {Fire *Drain rElec rPois
                  | Dex+5}
 53851 | Depths:3 | Noticed a juggernaut
 53918 | Depths:3 | Killed a juggernaut
 54030 | Depths:3 | Noticed a juggernaut
 54063 | Depths:3 | Killed a juggernaut
 54351 | Depths:3 | Noticed a juggernaut
 54379 | Depths:3 | Killed a juggernaut
 54416 | Depths:3 | Found a one-way gate leading to the halls of Pandemonium.
 54869 | Depths:4 | Found a gateway to a ziggurat.
 55255 | Depths:4 | Reached XP level 25. HP: 190/200 MP: 42/42
 55270 | Depths:4 | Reached skill level 19 in Axes
 55927 | Depths:4 | Found a runed translucent door.
 56010 | Depths:5 | Entered Level 5 of the Depths
 56581 | Depths:5 | Found a gate to the Realm of Zot.
 57765 | Slime:1  | Entered Level 1 of the Pits of Slime
 59423 | Slime:4  | Paralysed by a floating eye for 4 turns
 59436 | Slime:4  | Paralysed by a floating eye for 3 turns
 59440 | Slime:4  | Paralysed by a floating eye for 3 turns
 59523 | Slime:4  | Gained mutation: You are weak. (Str -2) [a shining eye]
 59531 | Slime:4  | Gained mutation: Armour fits poorly on your strangely
                  | shaped body. [a shining eye]
 59533 | Slime:4  | Lost mutation: You are weak. (Str -2) [potion of mutation]
 59533 | Slime:4  | Lost mutation: Armour fits poorly on your strangely shaped
                  | body. [potion of mutation]
 59533 | Slime:4  | Gained mutation: You are resistant to hostile enchantments.
                  | (MR+) [potion of mutation]
 59533 | Slime:4  | Gained mutation: Your magical capacity is low. (-10% MP)
                  | [potion of mutation]
 59533 | Slime:4  | Gained mutation: You can translocate small distances at
                  | will. [potion of mutation]
 59958 | Slime:5  | Entered Level 5 of the Pits of Slime
 60002 | Slime:5  | Gained mutation: You are occasionally teleported next to
                  | monsters. [a shining eye]
 60152 | Slime:5  | Noticed the Royal Jelly
 60165 | Slime:5  | Killed the Royal Jelly
 60165 | Slime:5  | Reached XP level 26. HP: 132/207 MP: 39/39
 60287 | Slime:5  | Found the +9 staff of Wucad Mu {channel}
 60292 | Slime:5  | Identified the Compendium of Sinister Conjuration
 60308 | Slime:5  | Identified the cursed +0 leather armour of the Barracuda
                  | {*Corrode Int+7} (You found it on level 5 of the Pits of
                  | Slime)
 60318 | Slime:5  | Identified the +1 storm dragon scales of Intercession
                  | {rElec rN+ rCorr Stlth+} (You found it on level 5 of the
                  | Pits of Slime)
 60325 | Slime:5  | Identified the +7 lajatang "Jequskon" {holy, Int+4} (You
                  | found it on level 5 of the Pits of Slime)
 60354 | Slime:5  | Got a slimy rune of Zot
 60356 | Slime:5  | Identified the ring of Trog's Benevolence {rPois Str+4}
                  | (You found it on level 5 of the Pits of Slime)
 60374 | Slime:5  | Identified the ring "Caifotoc" {+Inv rC++ MP+9 Int-2 Dex+2}
                  | (You found it on level 5 of the Pits of Slime)
 60388 | Slime:5  | Identified the +10 shortbow of the Nine Realms {venom,
                  | rElec Int+4} (You found it on level 5 of the Pits of Slime)
 61101 | Slime:2  | Reached skill level 20 in Axes
 62217 | Vaults:4 | Learned a level 7 spell: Ring of Flames
 62220 | Vaults:5 | Entered Level 5 of the Vaults
 62222 | Vaults:5 | Noticed Boris
 62322 | Vaults:4 | Killed Boris
 62746 | Vaults:4 | HP: 10/270 [ettin/+0 great mace (32)]
 63125 | Vaults:4 | Bought a scroll of holy word for 112 gold pieces
 63125 | Vaults:4 | Bought a scroll of magic mapping for 52 gold pieces
 63738 | Vaults:4 | Lost mutation: You are occasionally teleported next to
                  | monsters. [potion of mutation]
 63738 | Vaults:4 | Lost mutation: Your magical capacity is low. (-10% MP)
                  | [potion of mutation]
 63738 | Vaults:4 | Gained mutation: You are partially covered in slimy green
                  | scales. (AC +2) [potion of mutation]
 63738 | Vaults:4 | Gained mutation: You possess an exceptional clarity of
                  | mind. [potion of mutation]
 63821 | Vaults:5 | Identified the Reference Book on Feathers and Unholy Arts
 64031 | Vaults:5 | Identified the amulet of Totu {Spirit rF+ Str+4 Int+3}
 64055 | Vaults:5 | Reached XP level 27. HP: 186/217 MP: 43/43
 64287 | Vaults:5 | Got a silver rune of Zot
 64371 | Vaults:5 | Identified the +1 helmet "Wythroschi" {rPois rF++ Stlth+}
                  | (You found it on level 5 of the Vaults)
 64732 | Vaults:5 | Identified the ring of Bocean {*Contam rF+ Int+6 Slay+2}
                  | (You found it on level 5 of the Vaults)
 64886 | Vaults:5 | Found the +8 lance "Wyrmbane" {slay drac, rPois rF+ rC+
                  | AC+3}
 64959 | Vaults:5 | Identified the +5 ring mail "Ywimocis" {rC+} (You found it
                  | on level 5 of the Vaults)
 65535 | Zot:1    | Entered Level 1 of the Realm of Zot
 65755 | Zot:1    | Noticed an orb of fire
 65772 | Zot:1    | Gained mutation: Scrolls take you a little longer to read.
                  | [an orb of fire]
 65773 | Zot:1    | Gained mutation: Scrolls take you longer to read. [an orb
                  | of fire]
 65774 | Zot:1    | Gained mutation: Armour fits poorly on your strangely
                  | shaped body. [an orb of fire]
 65781 | Zot:1    | Gained mutation: You are weak. (Str -2) [an orb of fire]
 65785 | Zot:1    | Killed an orb of fire
 65792 | Zot:1    | Lost mutation: Scrolls take you longer to read. [potion of
                  | mutation]
 65792 | Zot:1    | Lost mutation: You are resistant to hostile enchantments.
                  | (MR+) [potion of mutation]
 65792 | Zot:1    | Lost mutation: You possess an exceptional clarity of mind.
                  | [potion of mutation]
 65792 | Zot:1    | Gained mutation: You are mostly covered in slimy green
                  | scales. (AC +3) [potion of mutation]
 65793 | Zot:1    | Lost mutation: You are weak. (Str -2) [potion of mutation]
 65793 | Zot:1    | Lost mutation: You can translocate small distances at will.
                  | [potion of mutation]
 65793 | Zot:1    | Lost mutation: Scrolls take you a little longer to read.
                  | [potion of mutation]
 65793 | Zot:1    | Gained mutation: You are agile. (Dex +2) [potion of
                  | mutation]
 65793 | Zot:1    | Gained mutation: You are partially covered in rugged brown
                  | scales. (AC +1, +3% HP) [potion of mutation]
 65794 | Zot:1    | Lost mutation: Armour fits poorly on your strangely shaped
                  | body. [potion of mutation]
 65794 | Zot:1    | Lost mutation: You are mostly covered in slimy green
                  | scales. (AC +3) [potion of mutation]
 65794 | Zot:1    | Lost mutation: You are partially covered in slimy green
                  | scales. (AC +2) [potion of mutation]
 65794 | Zot:1    | Lost mutation: You are agile. (Dex +2) [potion of mutation]
 65794 | Zot:1    | Gained mutation: You have sharp toenails. [potion of
                  | mutation]
 65794 | Zot:1    | Gained mutation: You tend to lose your temper in combat.
                  | [potion of mutation]
 65794 | Zot:1    | Gained mutation: You have a pair of small antennae on your
                  | head. [potion of mutation]
 65795 | Zot:1    | Lost mutation: You tend to lose your temper in combat.
                  | [potion of mutation]
 65795 | Zot:1    | Lost mutation: You have a pair of small antennae on your
                  | head. [potion of mutation]
 65795 | Zot:1    | Lost mutation: You have sharp toenails. [potion of
                  | mutation]
 65795 | Zot:1    | Lost mutation: You are partially covered in rugged brown
                  | scales. (AC +1, +3% HP) [potion of mutation]
 65795 | Zot:1    | Gained mutation: Your magical capacity is low. (-10% MP)
                  | [potion of mutation]
 65795 | Zot:1    | Gained mutation: You expend magic power (3 MP) to
                  | strengthen your wands. [potion of mutation]
 65924 | Zot:1    | Reached skill level 21 in Axes
 66930 | Zot:1    | You fall through a shaft!
 67382 | Zot:1    | Reached skill level 15 in Conjurations
 67382 | Zot:1    | Reached skill level 15 in Hexes
 67382 | Zot:1    | Reached skill level 15 in Charms
 67382 | Zot:1    | Reached skill level 15 in Summonings
 67382 | Zot:1    | Reached skill level 15 in Necromancy
 67382 | Zot:1    | Reached skill level 15 in Translocations
 67382 | Zot:1    | Reached skill level 15 in Transmutations
 67382 | Zot:1    | Reached skill level 15 in Fire Magic
 67382 | Zot:1    | Reached skill level 15 in Ice Magic
 67382 | Zot:1    | Reached skill level 15 in Air Magic
 67382 | Zot:1    | Reached skill level 15 in Earth Magic
 67382 | Zot:1    | Reached skill level 15 in Poison Magic
 67446 | Zot:1    | HP: 9/283 [tentacled monstrosity (13)]
 67446 | Zot:1    | Elyvilon protects you from harm!
 67446 | Zot:1    | Elyvilon protects you from harm!
 67446 | Zot:1    | HP: 1/283 [tentacled monstrosity (4)]
 67448 | Zot:1    | Elyvilon protects you from harm!
 67448 | Zot:1    | Splashed by an acid blob's acid

Skill      XL: |  1  2  3  4  5  6  7  8  9 10 11 12 13 14 15 16 17 18 19 20 21 22 23 24 25 26 27 |
---------------+----------------------------------------------------------------------------------+-----
Invocations    | 1 2 3 4 5 6 7 8 9 10 11 12 13 14 15 16 17 18 | 18.7
Short Blades   | 1 2 3 4 5 6 7 8 9 10 11 12 13 14 15 16 17 | 17.4
Axes           | 1 2 3 4 5 6 7 8 9 10 11 12 13 14 15 16 17 18 19 20 21 | 21.2
Maces & Flails | 1 2 3 4 5 6 7 8 9 10 11 12 13 14 15 16 17 | 17.4
Polearms       | 1 2 3 4 5 6 7 8 9 10 11 12 13 14 15 16 17 | 17.4
Staves         | 1 2 3 4 5 6 7 8 9 10 11 12 13 14 15 16 17 | 17.4
Slings         | 1 2 3 4 5 6 7 8 9 10 11 12 13 14 15 16 17 | 17.4
Bows           | 1 2 3 4 5 6 7 8 9 10 11 12 13 14 15 16 17 | 17.4
Crossbows      | 1 2 3 4 5 6 7 8 9 10 11 12 13 14 15 16 17 | 17.4
Throwing       | 1 2 3 4 5 6 7 8 9 10 11 12 13 14 15 16 17 | 17.4
Dodging        | 1 2 3 4 5 6 7 8 9 10 11 12 13 14 15 16 17 | 17.4
Stealth        | 1 2 3 4 5 6 7 8 9 10 11 12 13 14 15 16 17 | 17.4
Unarmed Combat | 1 2 3 4 5 6 7 8 9 10 11 12 13 14 15 16 17 | 17.4
Spellcasting   | 1 2 3 4 5 6 7 8 9 10 11 12 13 14 15 16 17 | 17.4
Evocations     | 1 2 3 4 5 6 7 8 9 10 11 12 13 14 15 16 17 | 17.4
Conjurations   | 1 2 3 4 5 6 7 8 9 10 11 12 13 14 15 | 15.0
Hexes          | 1 2 3 4 5 6 7 8 9 10 11 12 13 14 15 | 15.0
Charms         | 1 2 3 4 5 6 7 8 9 10 11 12 13 14 15 | 15.0
Summonings     | 1 2 3 4 5 6 7 8 9 10 11 12 13 14 15 | 15.0
Necromancy     | 1 2 3 4 5 6 7 8 9 10 11 12 13 14 15 | 15.0
Translocations | 1 2 3 4 5 6 7 8 9 10 11 12 13 14 15 | 15.0
Transmutations | 1 2 3 4 5 6 7 8 9 10 11 12 13 14 15 | 15.0
Fire Magic     | 1 2 3 4 5 6 7 8 9 10 11 12 13 14 15 | 15.0
Ice Magic      | 1 2 3 4 5 6 7 8 9 10 11 12 13 14 15 | 15.0
Air Magic      | 1 2 3 4 5 6 7 8 9 10 11 12 13 14 15 | 15.0
Earth Magic    | 1 2 3 4 5 6 7 8 9 10 11 12 13 14 15 | 15.0
Poison Magic   | 1 2 3 4 5 6 7 8 9 10 11 12 13 14 15 | 15.0
Long Blades    | 5 6 7 8 9 10 11 12 13 14 15 16 17 | 17.8
Fighting       | 7 8 9 10 11 12 13 14 15 16 17 18 | 18.2
Armour         | 7 8 9 10 11 12 13 14 15 16 17 18 | 18.2
Shields        | 7 8 9 10 11 12 13 14 15 16 17 18 | 18.2

Action                   |  1- 3 |  4- 6 |  7- 9 | 10-12 | 13-15 | 16-18 | 19-21 | 22-24 | 25-27 || total
-------------------------+-------+-------+-------+-------+-------+-------+-------+-------+-------++-------
Melee: Long sword        |    64 |   150 |    41 |       |       |       |       |       |       ||   255
       Bite              |     9 |    16 |    40 |   101 |   328 |   487 |   529 |   568 |   533 ||  2611
       Dagger            |       |       |   213 |   531 |  1750 |  2583 |  2450 |   871 |       ||  8398
       Trident           |       |       |       |       |       |       |       |  2088 |  2056 ||  4144
       Lance             |       |       |       |       |       |       |       |       |   349 ||   349
       Executioner's axe |       |       |       |       |       |       |       |       |    73 ||    73
Throw: Tomahawk          |       |       |       |    28 |     9 |    36 |       |       |       ||    73
       Javelin           |       |       |       |       |       |    42 |       |     7 |     3 ||    52
 Cast: Tukima's Dance    |       |       |       |       |     6 |       |       |       |       ||     6
       Summon Lightning  |       |       |       |       |       |     4 |    51 |    11 |     1 ||    67
       Fireball          |       |       |       |       |       |     3 |     6 |    18 |    17 ||    44
       Mephitic Cloud    |       |       |       |       |       |       |     3 |       |       ||     3
       Freezing Cloud    |       |       |       |       |       |       |     4 |     3 |     2 ||     9
       Statue Form       |       |       |       |       |       |       |     1 |       |    34 ||    35
       Ignite Poison     |       |       |       |       |       |       |       |     6 |     2 ||     8
       Olgreb's Toxic Ra |       |       |       |       |       |       |       |     4 |     3 ||     7
       Summon Hydra      |       |       |       |       |       |       |       |     4 |     6 ||    10
       Ring of Flames    |       |       |       |       |       |       |       |       |     8 ||     8
Invok: Greater Healing   |       |       |       |       |       |     7 |       |     1 |     4 ||    12
       Purification      |       |       |       |       |       |     1 |       |       |       ||     1
       Divine Protection |       |       |       |       |       |       |       |       |     1 ||     1
Evoke: Wand              |       |       |       |    32 |    14 |    15 |       |     4 |    10 ||    75
       Lamp of fire      |       |       |       |       |       |       |     1 |     2 |     1 ||     4
       Fan of gales      |       |       |       |       |       |       |       |     1 |       ||     1
       Lightning rod     |       |       |       |       |       |       |       |       |     4 ||     4
       Box of beasts     |       |       |       |       |       |       |       |       |     1 ||     1
  Use: Scroll            |       |       |    14 |     6 |    19 |    13 |     2 |    23 |    21 ||    98
       Potion            |       |       |       |     2 |     1 |     8 |     1 |       |    12 ||    24
 Stab: Sleeping          |       |       |     5 |    19 |    13 |     2 |    38 |    33 |    26 ||   136
       Distracted        |       |       |     2 |       |     3 |     3 |    31 |    18 |    12 ||    69
       Invisible         |       |       |       |       |       |     7 |       |       |       ||     7
       Petrified         |       |       |       |       |       |     3 |       |       |       ||     3
       Confused          |       |       |       |       |       |       |     4 |       |       ||     4
  Eat: Chunk             |       |     4 |     5 |    14 |    30 |    44 |    25 |    32 |    33 ||   187
       Ration            |       |       |     2 |       |       |     5 |     2 |     3 |     8 ||    20
Armor: Scale mail        |    19 |    43 |    21 |       |       |       |       |       |       ||    83
       Robe              |       |       |     4 |    40 |       |    16 |   123 |   169 |   121 ||   473
       Ring mail         |       |       |       |    20 |   127 |       |       |       |       ||   147
       Plate armour      |       |       |       |       |   210 |   523 |       |       |       ||   733
       Skin              |       |       |       |       |       |       |     3 |       |   360 ||   363
       Animal skin       |       |       |       |       |       |       |       |       |    16 ||    16
Dodge: Dodged            |    25 |    31 |    71 |   206 |   503 |   523 |   744 |  1254 |  1587 ||  4944
       Deflected         |       |       |       |       |     2 |    88 |    32 |    48 |    71 ||   241
Block: Shield            |    47 |    72 |   121 |   293 |   850 |  1912 |  1572 |  1309 |  1549 ||  7725
       Reflection        |       |       |       |       |       |   178 |   101 |    59 |    45 ||   383
       Rpst.: Long sword |     6 |    13 |     1 |       |       |       |       |       |       ||    20
